 Dungeon Crawl Stone Soup version 0.19-a0-1185-gacb3972 (webtiles) character file.

14 jacquesderrida the Skirmisher (level 2, 13/16 HPs)
             Began as a Vine Stalker Wanderer on Aug 18, 2016.
             Quit the game on level 2 of the Dungeon.
             The game lasted 00:00:50 (320 turns).

jacquesderrida the Skirmisher (VSWn)                 Turns: 320, Time: 00:00:50

Health: 13/16      AC:  2    Str: 16    XL:     2   Next: 41%
Magic:  5/6        EV: 11    Int: 12    God:
Gold:   55         SH:  3    Dex: 11    Spells: 0 memorised, 5 levels left

rFire  . . .     SeeInvis .     c - +0 spear
rCold  . . .     Gourm    .     d - +0 robe
rNeg   . . .     Faith    .     (no shield)
rPois  .         Spirit   +     (no helmet)
rElec  .         Dismiss  .     (no cloak)
rCorr  .         Reflect  +     (no gloves)
MR     .....     Harm     .     (no boots)
Stlth  +.........               e - +3 amulet of reflection
                                (no ring)
                                (no ring)

@: no status effects
A: fangs 2, regeneration 1, magic shield, antimagic bite, no device heal 3, rot
immunity
a: no special abilities


You were on level 2 of the Dungeon.
You were not hungry.

You visited 1 branch of the dungeon, and saw 2 of its levels.

You collected 55 gold pieces.

Inventory:

Hand Weapons
 c - a +0 spear (weapon)
Armour
 d - a +0 robe (worn)
Jewellery
 e - a +3 amulet of reflection (around neck)
Potions
 g - a potion of curing {unknown}
Books
 a - a book of Minor Magic

   Spells                             Type                      Level
   a - Magic Dart                     Conjuration                  1
   b - Blink                          Translocation                2
   c - Call Imp                       Summoning                    2
   d - Repel Missiles                 Charms/Air                   2
   e - Slow                           Hexes                        2
   f - Conjure Flame                  Conjuration/Fire             3
   g - Mephitic Cloud                 Conjuration/Poison/Air       3
 b - the Volume of Venom

   Spells                             Type                      Level
   a - Sting                          Conjuration/Poison           1
   b - Mephitic Cloud                 Conjuration/Poison/Air       3
Comestibles
 f - 2 bread rations


   Skills:
 + Level 3.3 Fighting
 - Level 1.0 Throwing
 - Level 2.1 Spellcasting
   Level 2.0 Summonings
   Level 1.0 Air Magic
   Level 1.0 Evocations


You had 5 spell levels left.
You didn't know any spells.

Dungeon Overview and Level Annotations

Branches:
Dungeon (2/15)

Altars:


Innate Abilities, Weirdness & Mutations

You have extremely sharp teeth.
Your natural rate of healing is unusually fast.
When hurt, damage is shared between your health and your magic reserves.
Your bite disrupts and absorbs the magic of your enemies.
Potions and wands cannot restore your health.
You are immune to rotting.


Message History

You kill the bat!
No target in view!
No target in view!
No target in view!
There is an open door here.
A kobold comes into view.
The kobold shouts!
You hit the kobold. Your bite misses the kobold.
The kobold is moderately wounded.
The kobold hits you.
You closely miss the kobold.
The kobold is moderately wounded.
The kobold barely misses you.
You closely miss the kobold. Your bite misses the kobold.
The kobold is moderately wounded.
The kobold hits you.
You hit the kobold.
You kill the kobold!
No target in view!
Are you sure you want to abandon this character and quit the game? (Confirm with "yes".)

#........)####(...##.#.
#.......## #.....>.#
##..†..## ####.####
##...## #.# ##'## #.#
#.# #.# #.# #.# ##.##
#.# #..@# #.# #....†#
#.# ........... #.#
##.###.###... ..# #.
#.# #### ### . #.# #
#.# #.


There were no monsters in sight!

Vanquished Creatures
  A dart slug (D:1)
  4 hobgoblins
  2 bats
  A giant newt (D:1)
  3 kobolds
  A rat (D:2)
12 creatures vanquished.

Notes
Turn   | Place    | Note
-------+----------+-------------------------------------------
     0 | D:1      | jacquesderrida the Vine Stalker Wanderer began the quest for the Orb.
     0 | D:1      | jacquesderrida set off with: a book of Minor Magic, the Volume of Venom, a +0 spear, a +0 robe, a bread ration
     0 | D:1      | Reached XP level 1. HP: 11/11 MP: 4/4
    60 | D:1      | Reached skill level 3 in Fighting
   188 | D:2      | Reached XP level 2. HP: 16/16 MP: 6/6
   320 | D:2      | Quit the game

Vault maps used:
D:1:      dpeg_arrival_tiny_a
D:2:      lemuel_coloured_pillars_altar, first_bread, corexii_shack,
          st_stairs_9, kennysheep_cross_room

Skill      XL: |  1 |
---------------+----+-----
Fighting       | 3 |  3.3
Throwing       | |  1.0
Spellcasting   | |  2.1
Summonings     | |  2.0
Air Magic      | |  1.0
Evocations     | |  1.0

Action                   || total
-------------------------++-------
Melee: Spear             ||    36
       Bite              ||     6
Armor: Robe              ||     1
Dodge: Dodged            ||    10
Block: Other             ||     3
